 Dungeon Crawl Stone Soup version 0.30-a0-743-gbfdf073431 (webtiles) character file.

Game seed: 603679628484626509

42 Leeroy the Slasher (level 3, 0/18 HPs)
             Began as a Vine Stalker Warper on Feb 5, 2023.
             Succumbed to an adder's poison
             ... on level 2 of the Dungeon.
             The game lasted 00:00:51 (885 turns).

Leeroy the Slasher (Vine Stalker Warper)             Turns: 885, Time: 00:00:52

Health: 0/18       AC:  3    Str: 13    XL:     3   Next: 54%
Magic:  0/7        EV: 11    Int: 13    God:
Gold:   69         SH:  0    Dex: 15    Spells: 4/6 levels left

rFire   . . .      SeeInvis .    a - +0 falchion
rCold   . . .      Faith    .    (no shield)
rNeg    . . .      Spirit   +    b - +0 leather armour
rPois   .          Reflect  .    (no helmet)
rElec   .          Harm     .    (no cloak)
rCorr   .          Rampage  .    (no gloves)
Will    .....                    (no boots)
Stlth   +                        (no amulet)
HPRegen 0.23/turn                (no ring)
MPRegen 0.10/turn                (no ring)

@: lethally poisoned (0 -> -1)
A: fangs 2, magic shield, antimagic bite, no potion heal 2
a: no special abilities


You were on level 2 of the Dungeon.
You visited 1 branch of the dungeon, and saw 2 of its levels.

You collected 69 gold pieces.

Inventory:

Hand Weapons
 a - a +0 falchion (weapon)
Missiles
 d - 7 boomerangs of dispersal (quivered)
 f - 6 poisoned darts
Armour
 b - a +0 leather armour (worn)
Scrolls
 c - a scroll of blinking
 g - 2 scrolls of teleportation {unknown}
Potions
 h - a potion of mutation {unknown}


   Skills:
 - Level 1.7 Fighting
 + Level 3.4 Long Blades
 - Level 0.8 Throwing
 - Level 0.7 Armour
 - Level 1.5 Dodging
 - Level 2.1 Spellcasting
 - Level 3.0 Translocations


You had 4 spell levels left.
You knew the following spells:

 Your Spells              Type           Power      Damage    Failure   Level
a - Blink                 Tloc           18%        N/A       14%         2

Your spell library contained the following spells:

 Spells                   Type           Power      Damage    Failure   Level
 Lesser Beckoning         Tloc           18%        N/A       14%         2
 Gell's Gravitas          Tloc           9%         N/A       28%         3
 Teleport Other           Tloc           9%         N/A       28%         3
 Vhi's Electric Charge    Tloc/Air       10%        N/A       45%         3
 Manifold Assault         Tloc           9%         N/A       67%         4
 Dispersal                Tloc           4%         N/A       100%        6


Dungeon Overview and Level Annotations

Branches:
Dungeon (2/15)

Altars:


Innate Abilities, Weirdness & Mutations

You have extremely sharp teeth.
When hurt, damage is shared between your health and your magic reserves.
Your bite disrupts and absorbs the magic of your enemies.
Potions cannot restore your health.


Message History

The bat is heavily wounded.
The bat hits you but does no damage.
Found a scroll labelled POFOLE SIHUMIPT and 8 gold pieces.
The bat closely misses you. The bat hits you but does no damage.
The bat closely misses you.
A bat is nearby!
You slash the bat!
You kill the bat!
Found a stone staircase leading down.
You see here a bat corpse.
A worm and an adder come into view.
You see here a scroll labelled POFOLE SIHUMIPT.
Found 13 gold pieces.
The adder hisses angrily.
The adder bites you but does no damage.
You hit the adder but do no damage. You bite the adder. You drain its power.
The adder is moderately wounded.
The adder bites you.
You are poisoned.
The adder poisons you!
You miss the adder. Your bite misses the adder.
The adder is moderately wounded.
You feel sick. The adder bites you but does no damage. The worm bites you!
The adder barely misses you.
You hit the adder. You bite the adder, but do no damage.
The adder is moderately wounded.
You feel sick. The adder bites you. The worm barely misses you.
You are too injured to fight recklessly!
You closely miss the adder. Your bite misses the adder.
The adder is moderately wounded.
You feel sick. The adder closely misses you. x2
You hit the adder. You bite the adder.
You kill the adder!
You feel sick. The worm bites you!
* * * LOW HITPOINT WARNING * * *
* * * LOW HITPOINT WARNING * * *
You feel sick.
It was a potion of heal wounds.
That seemed strangely inert.
You die...

##### .... ###
#..### ## ....
#..#.# ...
#....#..#.###.##
##...#..#.......
.......w.>..#.#
##......@.....#
#...#..#.#...#
......$.......#
........?..#..##..8
.....#..#..........
..$..#.....#..##..
##.#.#...†........
... #.#..###?.## ##
#.#.......#


You could see a worm.

Vanquished Creatures
  An adder (D:2)
  A worm (D:2)
  3 dart slugs (D:1)
  3 ball pythons (D:1)
  2 bats
  2 endoplasms (D:1)
  A giant cockroach (D:1)
  2 goblins (D:1)
  A hobgoblin (D:1)
  2 quokkas (D:1)
  4 rats (D:1)
22 creatures vanquished.

Notes
Turn   | Place    | Note
-------+----------+-------------------------------------------
     0 | D:1      | Leeroy the Vine Stalker Warper began the quest for the Orb.
     0 | D:1      | Reached XP level 1. HP: 11/11 MP: 4/4
   198 | D:1      | Reached XP level 2. HP: 8/15 MP: 4/6
   422 | D:1      | Learned a level 2 spell: Blink
   610 | D:1      | Reached XP level 3. HP: 18/18 MP: 3/7
   672 | D:1      | Found a faded altar of an unknown god.
   885 | D:2      | Succumbed to an adder's poison

Illustrated notes

Levels and vault maps discovered:
D:1:      nicolae_arrival_memento_mori, layout_loops_ring,
          chequers_ecumenical_altar_simple_redux,
          chequers_serial_rivers_large_a, grunt_decor_clamped,
          minmay_misc_feat_doors
D:2:      layout_basic, st_stairs_14, minivault_14, minmay_misc_feat_pillars,
          minmay_curled_crystal

Skill      XL: |  1  2 |
---------------+-------+-----
Long Blades    | 2 3 |  3.4
Fighting       | |  1.7
Throwing       | |  0.8
Armour         | |  0.7
Dodging        | |  1.5
Spellcasting   | |  2.1
Translocations | |  3.0

Action                     || total
---------------------------++-------
  Melee: Falchion          ||    74
         Bite              ||    17
    Use: Potion            ||     1
   Stab: Sleeping          ||     1
 Armour: Leather armour    ||    16
  Dodge: Dodged            ||    44

Table legend: (Time is in decaauts)
 A = Elapsed time spent in this place.
 B = Non-inter-level travel time spent in this place.
 C = Inter-level travel time spent in this place.
 D = Time resting spent in this place.
 E = Time spent auto-exploring this place.
 F = Levels seen in this place.
 G = Mean time per level.
                   A        B        C        D        E       F      G
               +--------+--------+--------+--------+--------+-----+--------+
         Total |    909 |    899 |     10 |      0 |    719 |   2 |  454.5 |
       Dungeon |    909 |    899 |     10 |      0 |    719 |   2 |  454.5 |
               +--------+--------+--------+--------+--------+-----+--------+

Top non-repeatable levels by time:
     D:1: 879 daAuts
     D:2: 29 daAuts
